 Dungeon Crawl Stone Soup version 0.16-a0-2675-g216447c (console) character file.

4467 utis the Caregiver (level 10, -10/63 HPs)
             Began as a Kobold Fighter on Nov 24, 2014.
             Was a Believer of Elyvilon.
             Mangled by an orc warrior
             ... wielding a +0 battleaxe
              (19 damage)
             ... on level 8 of the Dungeon.
             The game lasted 00:38:50 (18339 turns).

utis the Caregiver (Kobold Fighter)                Turns: 18339, Time: 00:38:50

Health: -10/63     AC: 13    Str: 14    XL:     10   Next: 64%
Magic:  22/22      EV: 14    Int:  9    God:    Elyvilon [**....]
Gold:   457        SH:  6    Dex: 18    Spells: 0 memorised, 9 levels left

rFire  . . .     SeeInvis .     a - +0 flail (protect)
rCold  . . .     Clarity  .     e - +2 ring mail {rPois}
rNeg   . . .     SustAb   .     c - +0 buckler
rPois  +         Gourm    .     (no helmet)
rElec  .         Spirit   .     (no cloak)
rCorr  .         Warding  .     (no gloves)
rMut   .         Stasis   .     (no boots)
MR     .....                    (no amulet)
Stlth  +.........               (no ring)
                                r - +1 ring of dexterity

@: not resistant to hostile enchantments, very unstealthy
A: carnivore 3
a: Lesser Healing, Lesser Self-Healing, Divine Protection, Purification,
Renounce Religion


You were on level 8 of the Dungeon.
You worshipped Elyvilon.
Elyvilon was pleased with you.
You were full.

You visited 2 branches of the dungeon, and saw 10 of its levels.

You collected 457 gold pieces.

Inventory:

Hand weapons
 a - a +0 flail of protection (weapon)
 C - a +1 flail
Missiles
 i - 266 stones (quivered)
 l - 19 poisoned sling bullets
 m - 60 sling bullets
 M - 14 poisoned needles
Armour
 b - a +1 scale mail
 c - a +0 buckler (worn)
 e - a +2 ring mail of poison resistance (worn)
 N - a +0 cloak
Jewellery
 o - an uncursed ring of flight {unknown}
 r - a +1 ring of dexterity (left hand)
 y - an uncursed ring of fire {unknown}
 P - an uncursed amulet of stasis {unknown}
Magical devices
 q - a wand of paralysis (8)
 v - a wand of magic darts (14)
 D - a wand of digging (14)
 S - a wand of cold (0)
Scrolls
 h - 5 scrolls of recharging
 n - 5 scrolls of enchant armour
 B - 5 scrolls of magic mapping
 E - 3 scrolls of remove curse
 F - a scroll of blinking {unknown}
 J - a scroll of enchant weapon
 K - a scroll of holy word {unknown}
 L - a scroll of fog {unknown}
Potions
 f - 3 potions of curing
 j - a potion of invisibility
 k - a potion of lignification
 s - a potion of confusion
 t - a potion of restore abilities
 z - a potion of agility {unknown}
 G - a potion of mutation {unknown}
 Q - a potion of flight {unknown}
Books
 x - a book of Summonings

   Spells                             Type                      Level
   Abjuration                         Summoning                    3
   Recall                             Summoning/Translocation      3
   Shadow Creatures                   Summoning                    5
   Summon Demon                       Summoning                    5
   Summon Forest                      Summoning/Translocation      5
   Monstrous Menagerie                Summoning                    6
Comestibles
 d - 8 meat rations
 u - 2 beef jerkies
 w - 2 slices of pizza
 I - a royal jelly


   Skills:
 - Level 7.0 Fighting
 - Level 8.0 Maces & Flails
 - Level 5.4 Armour
 - Level 6.9 Dodging
 - Level 2.4 Shields
 + Level 8.4 Invocations


You had 9 spell levels left.
You didn't know any spells.

Dungeon Overview and Level Annotations

Branches:
Dungeon (9/15)             Temple (1/1) D:4
   Lair: D:8-11         Orc: D:9-12

Altars:
Ashenzari
Cheibriados
Dithmenos
Elyvilon
Fedhas
Gozag
Kikubaaqudgha
Makhleb
Nemelex Xobeh
Okawaru
Qazlal
Ru
Sif Muna
Trog
Vehumet
Xom
Yredelemnul
Zin
The Shining One

Shops:
D:8 [   D:9 }

Annotations:
D:7 utis' ghost, experienced KoFi


Innate Abilities, Weirdness & Mutations

You are small and have problems with some larger weapons.
You are carnivorous and can eat meat at any time.


Message History

The orc warrior hits you but does no damage.
The orc priest glows brightly for a moment.
Unknown command.
The orc warrior hits you with a battleaxe!!
* * * LOW HITPOINT WARNING * * *
The orc warrior rages.
The orc warrior hits you with a battleaxe!!
Elyvilon protects you from harm!
An orc comes into view.
The orc moves out of view.
The orc priest prays to Beogh.
You feel troubled.
An orc comes into view. It is wielding a whip.
The orc warrior hits you with a battleaxe!!
* * * LOW HITPOINT WARNING * * *
The orc warrior rages.
You block the orc warrior's attack.
Your divine protection fades away.
The orc warrior hits you with a battleaxe!!
You die...

.....▓ ▓▓.....▓..............▓▓
.....▓▓
▓▓................>...▓▓
▓▓▓...▓
▓▓.............▓▓.......▓ ▓
▓▓..▓▓▓<[....▓▓.....▓▓......▓..
▓
▓▓..▓........▓....▓▓▓......▓▓.
▓...........▓...▓▓▓.......▓▓▓
▓▓.......o.....▓▓▓▓.......▓ ▓
▓▓▓▓......▓▓.....▓▓▓........▓ ▓
▓▓▓......o.▓▓▓▓oK..▓▓...▓▓...▓▓
▓ ...➘➘.....▓▓
▓▓...▓...▓▓▓...▓▓ ▓
▓▓▓▓▓▓.....▓ ▓▓.....▓▓▓.....▓▓▓
▓▓....▓▓ ▓....▓▓........▓▓
▓.....▓ ▓.........▓▓....▓
▓.>...▓▓ ▓▓.......▓▓▓▓▓....
▓▓.....▓▓▓........▓▓ ▓▓..▓
▓....o▓▓..........▓▓▓▓..▓▓
▓▓)....o........▓▓......▓▓


You could see an orc warrior (berserk) and an orc.

Vanquished Creatures
  A troll (D:9)
  A wyvern (D:9)
  2 hippogriffs
  Edmund (D:5)
  2 water moccasins (D:7)
  3 orc warriors
  5 sky beasts
  An ice beast (D:5)
  3 phantoms
  2 black bears
  An ogre (D:8)
  2 centaurs
  4 giant frogs
  Sigmund (D:7)
  A big kobold (D:7)
  A wyvern zombie (D:8)
  Blork the orc (D:5)
  A goliath beetle (D:6)
  2 crimson imps
  A gnoll shaman (D:5)
  7 orc priests
  3 hounds
  A jelly (D:6)
  7 orc wizards
  2 iguanas (D:6)
  9 worker ants
  3 gnolls (D:2)
  9 adders
  6 giant mites
  A shadow imp (D:7)
  2 worms
  An adder skeleton (D:4)
  9 giant geckos
  3 oozes
  37 orcs
  2 ball pythons
  A bat zombie (D:6)
  2 giant cockroaches (D:1)
  5 hobgoblins
  13 jackals
  20 kobolds
  9 quokkas
  16 bats
  7 giant newts
  8 goblins
  A jackal skeleton (D:4)
  A jackal zombie (D:6)
  A quokka skeleton (D:7)
  14 rats
  A spectral orc (D:5)
237 creatures vanquished.

Vanquished Creatures (others)
  A giant frog (D:9)
  A worker ant (D:8)
  3 orcs (D:9)
  A quokka (D:9)
6 creatures vanquished.

Grand Total: 243 creatures vanquished

Notes
Turn   | Place    | Note
--------------------------------------------------------------
     0 | D:1      | utis, the Kobold Fighter, began the quest for the Orb.
     0 | D:1      | Reached XP level 1. HP: 14/14 MP: 1/1
   380 | D:1      | Reached XP level 2. HP: 16/19 MP: 2/2
   861 | D:1      | Reached XP level 3. HP: 23/23 MP: 3/3
  1910 | D:2      | Reached skill level 4 in Maces & Flails
  1910 | D:2      | Reached XP level 4. HP: 28/28 MP: 4/4
  2542 | D:2      | Found a sparkling altar of Nemelex Xobeh.
  2586 | D:2      | Reached XP level 5. HP: 25/32 MP: 5/5
  2867 | D:3      | Reached skill level 5 in Maces & Flails
  4052 | D:4      | Reached XP level 6. HP: 25/37 MP: 6/6
  4205 | D:4      | Noticed a phantom
  4252 | D:4      | Killed a phantom
  4252 | D:4      | Reached skill level 6 in Maces & Flails
  4301 | D:4      | Paralysed by an orc for 6 turns
  4476 | D:4      | Found a stormy altar of Qazlal.
  4479 | D:4      | Noticed a water elemental
  4517 | D:4      | Noticed a fire elemental
  5156 | D:4      | Noticed an air elemental
  5409 | D:4      | Found a staircase to the Ecumenical Temple.
  5415 | Temple   | Entered the Ecumenical Temple
  5688 | D:5      | Entered Level 5 of the Dungeon
  5882 | D:5      | Noticed Blork the orc
  5969 | D:5      | Killed Blork the orc
  5969 | D:5      | Reached skill level 7 in Maces & Flails
  5969 | D:5      | Reached XP level 7. HP: 28/41 MP: 7/7
  6124 | D:5      | Noticed a sky beast
  6177 | D:5      | Killed a sky beast
  6629 | D:5      | Reached skill level 8 in Maces & Flails
  7121 | D:5      | Noticed an ice beast
  7133 | D:5      | Killed an ice beast
  7133 | D:5      | Reached XP level 8. HP: 45/48 MP: 8/8
  7278 | D:5      | Noticed Edmund
  7290 | D:5      | Killed Edmund
  7290 | D:5      | Reached skill level 5 in Fighting
  7492 | D:5      | Found a basalt altar of Yredelemnul.
  8276 | D:6      | Reached skill level 1 in Dodging
  9679 | D:6      | Reached XP level 9. HP: 52/57 MP: 9/9
 10427 | D:6      | Found an iron altar of Okawaru.
 10629 | D:6      | Found an iron altar of Okawaru.
 10635 | D:6      | Found a radiant altar of Vehumet.
 10637 | D:6      | Found an opulent altar of Gozag.
 10715 | D:7      | Reached skill level 5 in Dodging
 11348 | D:7      | Reached skill level 5 in Armour
 11403 | D:7      | Found a sparkling altar of Nemelex Xobeh.
 11441 | D:7      | Noticed Sigmund
 11644 | D:7      | Killed Sigmund
 11996 | D:7      | Found a white marble altar of Elyvilon.
 12055 | D:7      | Became a worshipper of Elyvilon the Healer
 12199 | D:7      | Noticed utis' ghost (experienced KoFi)
 13626 | D:7      | Reached XP level 10. HP: 17/63 MP: 11/15
 13993 | D:8      | Acquired Elyvilon's first power
 14487 | D:8      | Found Viogoobb's Antique Armour Shop.
 15263 | D:8      | Reached skill level 5 in Invocations
 16523 | D:9      | Found Schafrio's Gadget Shoppe.
 16538 | D:9      | Acquired Elyvilon's second power
 18330 | D:8      | Elyvilon protects you from harm!
 18339 | D:8      | Mangled by an orc warrior

Action                   |  1- 3 |  4- 6 |  7- 9 | 10-12 || total
-------------------------+-------+-------+-------+-------++-------
Melee: Flail             |   106 |   235 |   492 |   256 ||  1089
       Whip              |       |    79 |       |       ||    79
Throw: Stone             |    26 |    20 |    32 |    17 ||    95
       Throwing net      |       |       |     1 |     2 ||     3
       Tomahawk          |       |       |       |     7 ||     7
Invok: Lesser Healing    |       |       |     7 |    38 ||    45
       Lesser Self-Heali |       |       |       |     6 ||     6
       Divine Protection |       |       |       |     1 ||     1
  Use: Scroll            |     2 |    11 |     6 |     3 ||    22
       Potion            |       |       |     3 |     3 ||     6
  Eat: Chunk             |    11 |    13 |    24 |    20 ||    68
